 Dungeon Sprint DCSS version 0.29-a0-393-g47a863cc1b (webtiles) character file.

Game seed: 398505732854386999

1435 mhtbhm the Basher (level 8, -10/87 HPs)
             Began as a Gargoyle Berserker on May 8, 2022.
             Was the Champion of Trog.
             Killed from afar by a ynoxinul (15 damage)
             ... with an iron shot
             ... in the Dungeon (Sprint VII: "The Pits") on May 9, 2022.
             The game lasted 00:02:23 (838 turns).

mhtbhm the Basher (Gargoyle Berserker)               Turns: 838, Time: 00:02:24

Health: -10/87     AC: 19    Str: 24    XL:     8   Next: 73%
Magic:  8/8        EV: 10    Int:  7    God:    Trog [******]
Gold:   0          SH:  0    Dex:  9    Spells: 7/7 levels left

rFire   . . .      SeeInvis .   a - +2 mace
rCold   . . .      Faith    .   (no shield)
rNeg    + . .      Spirit   .   b - +3 chain mail
rPois   ∞          Reflect  .   (no helmet)
rElec   +          Harm     .   (no cloak)
rCorr   .          Rampage  .   (no gloves)
Will    .....      NoTele   +   (no boots)
Stlth   ..........              (no amulet)
HPRegen 0.24/turn               (no ring)
MPRegen 0.11/turn               (no ring)

@: berserking (expiring), very quick
A: sickness immunity, AC +5, negative energy resistance 1, electricity
resistance, torment resistance 1, petrification resistance
a: Renounce Religion, Berserk, Trog's Hand, Brothers in Arms


You were in the Dungeon.
You worshipped Trog.
Trog was exalted by your worship.
You visited 1 branch

Inventory:

Hand Weapons
 a - a +2 mace (weapon)
Armour
 b - a +3 chain mail (worn)
Scrolls
 h - a scroll of blinking
 j - a scroll of summoning
Potions
 c - 5 potions of curing
 d - 3 potions of heal wounds
 e - a potion of haste
 f - 4 potions of magic
 g - 3 potions of berserk rage
 i - a potion of invisibility
 k - a potion of lignification {unknown}


   Skills:
 + Level 10.3 Fighting
 + Level 12.0 Maces & Flails
 + Level 8.7 Armour
 + Level 5.7 Dodging
 + Level 7.8 Stealth


You had 7 spell levels left.
You didn't know any spells.
Your spell library was empty.

Dungeon Overview and Level Annotations

Branches:
Dungeon (1/1)

Altars:
Gozag
Hepliaklqana
Sif Muna
Trog
Jiyva


Innate Abilities, Weirdness & Mutations

You are immune to sickness and miasma.
Your stone body is resilient. (AC +5)
You are immune to poison.
You resist negative energy. (rN+)
You are resistant to electric shocks. (rElec)
You are resistant to unholy torment.
You are immune to petrification.


Message History

You sock the flayed ghost!
You destroy the flayed ghost!
Trog accepts your kill. Prince Ribbit barely misses you.
Your Fighting skill increases to level 10!
Your Maces & Flails skill increases to level 11!
Your Armour skill gained 2 levels and is now at level 8!
Your Stealth skill increases to level 7!
You have reached level 8!
You feel stronger.
You barely miss Prince Ribbit.
Prince Ribbit is moderately wounded.
The ufetubus misses you. The ufetubus barely misses you.
Prince Ribbit hits you but does no damage.
You sock Prince Ribbit!
Prince Ribbit is severely wounded.
You thump Prince Ribbit!
Prince Ribbit is almost dead.
Prince Ribbit closely misses you.
You closely miss Prince Ribbit.
Prince Ribbit is almost dead.
Prince Ribbit closely misses you.
You sock Prince Ribbit!
You kill Prince Ribbit!
Trog accepts your kill. Trog grants you a weapon!
Something appears at your feet!
You see here a +2 dire flail of flaming.
Prince Ribbit returns to his original shape as he dies.
Your Maces & Flails skill increases to level 12!
Unknown command.
You sock the ynoxinul!
The ynoxinul is heavily wounded.
The ynoxinul gestures at you.
The iron shot hits you but does no damage.
You sock the ynoxinul!
The ynoxinul is almost dead.
The ynoxinul gestures at you. The iron shot hits you!
You die...

#.#.††.....##.......#
#.#........##.......#
#.#####'#####...<...#
#.#...)))[.##.......#
#.#...))[..##.......#
#)###########.......#
#))#.#.##.. #########
#.......#†# ###
##.#.#.##@# §..#
#.......#3#5...#
##.#.#.##55....+
#.......#5#53§.#
##.#.#..'5#....#
########## ####


You could see a ynoxinul and 5 ufetubi.

Vanquished Creatures
  A flayed ghost (D)
  Prince Ribbit (D)
  A flying skull (D)
  A yak (D)
  Edmund (D)
  An ice beast (D)
  A centaur (D)
  A phantom (D)
  An orc priest (D)
  A gnoll shaman (D)
  3 gnolls (D)
  A white imp (D)
  An ufetubus (D)
  2 orcs (D)
  A giant cockroach (D)
  A hobgoblin (D)
  3 quokkas (D)
  3 bats (D)
  A rat (D)
26 creatures vanquished.

Vanquished Creatures (others)
  A gnoll (D)
  A kobold (D)
2 creatures vanquished.

Grand Total: 28 creatures vanquished

Notes
Turn   | Place    | Note
-------+----------+-------------------------------------------
     0 | D        | mhtbhm the Gargoyle Berserker began the quest for the Orb.
     0 | D        | Reached XP level 1. HP: 14/14 MP: 1/1
    49 | D        | Upgraded the game from 0.29-a0-392-g297d3b089c to
                  | 0.29-a0-393-g47a863cc1b
    67 | D        | Reached ** piety under Trog
    74 | D        | Reached XP level 2. HP: 20/20 MP: 2/2
    75 | D        | Reached skill level 4 in Maces & Flails
    82 | D        | Reached *** piety under Trog
   136 | D        | Found a bloodstained altar of Trog.
   136 | D        | Found a shimmering blue altar of Sif Muna.
   136 | D        | Found a viscous altar of Jiyva.
   136 | D        | Found a hazy altar of Hepliaklqana.
   136 | D        | Found an opulent altar of Gozag.
   158 | D        | Noticed a flying skull
   158 | D        | Noticed a centaur
   163 | D        | Noticed a phantom
   167 | D        | Noticed Edmund
   175 | D        | Killed a flying skull
   175 | D        | Reached **** piety under Trog
   176 | D        | Reached skill level 6 in Maces & Flails
   176 | D        | Reached skill level 1 in Stealth
   176 | D        | Reached XP level 3. HP: 17/28 MP: 3/3
   176 | D        | Reached XP level 4. HP: 20/32 MP: 4/4
   176 | D        | Reached XP level 5. HP: 23/37 MP: 5/5
   183 | D        | Killed a centaur
   184 | D        | Reached skill level 8 in Maces & Flails
   203 | D        | Killed Edmund
   204 | D        | Reached skill level 9 in Maces & Flails
   204 | D        | Reached XP level 6. HP: 36/45 MP: 6/6
   216 | D        | Reached skill level 5 in Armour
   216 | D        | Reached skill level 5 in Stealth
   226 | D        | Reached ***** piety under Trog
   231 | D        | Reached skill level 5 in Dodging
   231 | D        | Reached XP level 7. HP: 21/50 MP: 7/7
   599 | D        | Noticed a yak
   611 | D        | Killed a yak
   612 | D        | Reached skill level 10 in Maces & Flails
   803 | D        | Noticed Prince Ribbit
   803 | D        | Noticed a flayed ghost
   803 | D        | Noticed a ynoxinul
   830 | D        | HP: 3/76 [Prince Ribbit (4)]
   831 | D        | Killed a flayed ghost
   832 | D        | Reached skill level 10 in Fighting
   832 | D        | Reached skill level 11 in Maces & Flails
   832 | D        | Reached XP level 8. HP: 4/57 MP: 8/8
   836 | D        | Killed Prince Ribbit
   836 | D        | Received a gift from Trog
   836 | D        | Reached ****** piety under Trog
   837 | D        | Reached skill level 12 in Maces & Flails
   838 | D        | Killed from afar by a ynoxinul

Illustrated notes

Levels and vault maps discovered:
D:        pitsprint [storerooms_1, entrance_room_1, metal_vault_5, armoury_2,
          mini_pit_1, grid_room_1, main_hall_1, silver_pit, the_coven_1,
          the_vestibule_1, steel_vault_4, golden_pit, hallway_of_sentries,
          crystal_vault_2, iron_vault_4, final_vault]

Skill      XL: |  1  2  3  4  5  6  7  8 |
---------------+-------------------------+-----
Fighting       | 4 6 8 10 | 10.3
Dodging        | 2 3 4 5 |  5.7
Maces & Flails | 6 9 11 12 | 12.0
Armour         | 3 4 5 8 |  8.7
Stealth        | 1 4 5 7 |  7.8

Action                   |  1- 3 |  4- 6 |  7- 9 || total
-------------------------+-------+-------+-------++-------
Melee: Mace              |    36 |    48 |    71 ||   155
       Punch             |       |     1 |     1 ||     2
Invok: Berserk           |       |     1 |     1 ||     2
  Use: Potion            |     1 |     2 |     2 ||     5
 Stab: Invisible         |     1 |     5 |       ||     6
Armor: Animal skin       |    13 |       |       ||    13
       Chain mail        |    11 |    29 |    26 ||    66
Dodge: Dodged            |    32 |    25 |    34 ||    91

Table legend: (Time is in decaauts)
 A = Elapsed time spent in this place.
 B = Non-inter-level travel time spent in this place.
 C = Inter-level travel time spent in this place.
 D = Time resting spent in this place.
 E = Time spent auto-exploring this place.
 F = Levels seen in this place.
 G = Mean time per level.
                   A        B        C        D        E       F      G
               +--------+--------+--------+--------+--------+-----+--------+
         Total |    835 |    835 |      0 |    511 |     13 |   1 |  835.0 |
       Dungeon |    835 |    835 |      0 |    511 |     13 |   1 |  835.0 |
               +--------+--------+--------+--------+--------+-----+--------+

Top non-repeatable levels by time:
       D: 835 daAuts
